 Dungeon Crawl Stone Soup version 0.22-a0-419-g492bfec (webtiles) character file.

26 Goblin1989 the Chopper (level 2, -1/24 HPs)
             Began as a Demonspawn Chaos Knight on May 15, 2018.
             Slain by a river rat (4 damage)
             ... on level 3 of the Dungeon.
             The game lasted 00:02:15 (154 turns).

Goblin1989 the Chopper (Demonspawn Chaos Knight)     Turns: 154, Time: 00:02:15

Health: -1/24      AC:  5    Str: 14    XL:     2   Next: 89%
Magic:  2/2        EV: 11    Int: 13    God:    Xom [*.....]
Gold:   35         SH:  0    Dex: 12    Spells: 1/1 levels left

rFire    . . .     SeeInvis .   a - +0 hand axe (chaos)
rCold    . . .     Gourm    .   (no shield)
rNeg     . . .     Faith    .   b - +2 leather armour
rPois    .         Spirit   .   (helmet restricted)
rElec    .         Reflect  .   (no cloak)
rCorr    .         Harm     .   (no gloves)
MR       .....                  (no boots)
Stlth    +.........             (no amulet)
HPRegen  0.08/turn              (no ring)
MPRegen  0.08/turn              (no ring)

@: no status effects
A: antennae 1, claws 1, strong 1
a: Renounce Religion


You were on level 3 of the Dungeon.
You worshipped Xom.
You were a special plaything of Xom.
You were not hungry.

You visited 1 branch of the dungeon, and saw 3 of its levels.

You collected 35 gold pieces.

Inventory:

Hand Weapons
 a - a +0 hand axe of chaos (weapon)
Armour
 b - a +2 leather armour (worn)
Comestibles
 e - a ration


   Skills:
 - Level 3.0 Fighting
 - Level 3.3 Axes
 - Level 1.7 Armour
 - Level 0.8 Dodging
 + Level 1.4 Unarmed Combat


You had one spell level left.
You didn't know any spells.
Your spell library was empty.

Dungeon Overview and Level Annotations

Branches:
Dungeon (3/15)

Altars:
Qazlal

Portals:
Sewer: D:3

Annotations:
D:3 Purgy


Innate Abilities, Weirdness & Mutations

You have sharp fingernails.
You have a pair of small antennae on your head.
Your muscles are strong. (Str +2)


Message History

Found a stone staircase leading up.
A jackal and a worm come into view.
You take 1 damage, and have 17/24 hp.
You closely miss the jackal. You hit the jackal.
You feel better. The jackal misses you. The jackal bites you.
The jackal closely misses you.
The jackal bites you but does no damage.
Unknown command.
You closely miss the jackal. You hit the jackal.
The jackal bites you but does no damage.
The jackal barely misses you. The jackal closely misses you.
The jackal barely misses you.
Unknown command.
You hit the jackal.
The jackal is heavily wounded.
You hit the jackal.
The jackal seems to slow down.
The jackal disappears!
The jackal is no longer moving slowly.
The jackal completely misses you.
Unknown command.
You closely miss the jackal. You hit the jackal. You burn the jackal.
You kill the jackal!
Your Unarmed Combat skill increases to level 1!
The jackal barely misses you. The jackal closely misses you.
A kobold comes into view. It is wielding a whip.
The kobold shouts!
The jackal barely misses you.
You hit the jackal.
You feel better.
You kill the jackal!
You hit the worm. You freeze the worm. The worm bites you!
* * * LOW HITPOINT WARNING * * *
You take 9 damage, and have 9/24 hp.
MASSIVE DAMAGE!!
You hit the worm. You freeze the worm.
The worm is heavily wounded.
Unknown command.
You hit the worm.
The worm's tail glows momentarily.
The worm is severely wounded.
You hit the kobold. The kobold hits you with a whip.
* * * LOW HITPOINT WARNING * * *
The worm barely misses you. The jackal completely misses you.
You take 1 damage, and have 8/24 hp.
Unknown command.
You hit the worm.
The worm seems to slow down.
The worm is almost dead.
You closely miss the kobold. You hit the jackal.
Lightning courses through the jackal!
You kill the jackal!
The kobold hits you but does no damage. The worm misses you.
The kobold hits you with a whip.
* * * LOW HITPOINT WARNING * * *
You take 2 damage, and have 6/24 hp.
You hit the worm.
You kill the worm!
You closely miss the kobold. The kobold closely misses you.
Unknown command.
You closely miss the kobold.
The kobold is moderately wounded.
The kobold hits you with a whip.
* * * LOW HITPOINT WARNING * * *
You take 2 damage, and have 4/24 hp.
Unknown command.
You hit the kobold but do no damage.
The kobold is moderately wounded.
The kobold hits you but does no damage.
You closely miss the kobold.
The kobold is moderately wounded.
The kobold closely misses you.
Unknown command.
You closely miss the kobold.
The kobold is moderately wounded.
The kobold hits you but does no damage.
You barely miss the kobold.
The kobold is moderately wounded.
The kobold hits you but does no damage.
You hit the kobold. You freeze the kobold.
You kill the kobold!
Unknown command.
You see here a jackal corpse.
You now have 35 gold pieces (gained 15).
An orc comes into view. It is wielding a war axe.
The orc shouts!
You hear a shout! x2
You hear the slow rusting of a very distant drain.
What are your orders? t - Shout!
Orders for allies: a - Attack new target. r - Retreat! s - Stop attacking. g - Guard the area. f - Follow me.
Anything else - Cancel.
Okay, then.
As you read the scroll labeled ENUDIE PUDD, it crumbles to dust.
You feel strangely unstable.
It was a scroll of teleportation.
Unknown command.
The orc misses you.
You hit the orc but do no damage. You closely miss the jackal.
Your surroundings suddenly seem different.
A river rat comes into view.
The river rat moves out of view.
Found a glowing drain.
The river rat barely misses you.
You barely miss the river rat. The river rat bites you.
* * * LOW HITPOINT WARNING * * *
The river rat bites you.
You die...

..█ █. ... . ██.██ .
≈≈███ █...█ .. ...█
█...█ ∩.. ..█ █...█
..≈ █.█ █...█ ≈≈
█r█████...████
█.█@.............
≈≈██.[..............
......?..............█
.████..██████...██████
..... █...█ ██.██.
█...█ █. █. ███...█ .
.. █...... █ ██ █.█
██.


You could see a river rat.

Vanquished Creatures
  2 worms
  A dart slug (D:1)
  A bat (D:2)
  2 goblins (D:1)
  A hobgoblin (D:1)
  3 jackals (D:3)
  A quokka (D:3)
  A kobold (D:3)
  A rat (D:2)
13 creatures vanquished.

Vanquished Creatures (collateral kills)
  A dart slug (D:1)
  A kobold (D:1)
2 creatures vanquished.

Vanquished Creatures (others)
  A rat (D:1)
1 creature vanquished.

Grand Total: 16 creatures vanquished

Notes
Turn   | Place    | Note
-------+----------+-------------------------------------------
     0 | D:1      | Goblin1989 the Demonspawn Chaos Knight began the quest for the Orb.
     0 | D:1      | Reached XP level 1. HP: 18/18 MP: 1/1
    46 | D:1      | Gained mutation: You have sharp fingernails. [demonic ancestry]
    46 | D:1      | Reached XP level 2. HP: 23/24 MP: 2/2
    85 | D:1      | XOM: give mutations
    85 | D:1      | Gained mutation: Your muscles are strong. (Str +2) [Xom's grace]
    85 | D:1      | Gained mutation: You have a pair of small antennae on your head. [Xom's grace]
   100 | D:3      | Noticed Purgy
   112 | D:2      | Found a stormy altar of Qazlal.
   115 | D:2      | You fall through a shaft!
   119 | D:3      | Reached skill level 1 in Unarmed Combat
   152 | D:3      | Found a glowing drain.
   154 | D:3      | Slain by a river rat

Vault maps used:
D:1:      dpeg_arrival_shrine
D:2:      lemuel_doored_altar, grunt_qazlal_sundering, vehumet_crystals,
          overflow_temple_1_default
D:3:      lemuel_coloured_pillars_altar, first_ration,
          cheibrodos_sewer_entry_sluice, uniq_grinder, uniq_purgy

Skill      XL: |  1  2 |
---------------+-------+-----
Axes           | 3 |  3.3
Unarmed Combat | 1 |  1.4
Fighting       | |  3.0
Armour         | |  1.7
Dodging        | |  0.8

Action                   || total
-------------------------++-------
Melee: Hand axe          ||    36
  Use: Scroll            ||     1
Armor: Leather armour    ||    17
Dodge: Dodged            ||    33

Table legend:
 A = Spawn XP
 B = Non-spawn XP
 C = Spawn XP percentage of total XP
 D = Spawn monster count
 E = Non-spawn monster count
 F = Spawn count percentage of total count
 G = Total turns spent on level
                    A         B        C        D         E        F      G
               +---------+---------+-------+---------+---------+-------+---------
         Total |       0 |      38 |   0.0 |       0 |      16 |   0.0 |   154
               +---------+---------+-------+---------+---------+-------+---------
           D:1 |       0 |      16 |   0.0 |       0 |       7 |   0.0 |    57
           D:2 |       0 |       8 |   0.0 |       0 |       3 |   0.0 |    46
           D:3 |       0 |      14 |   0.0 |       0 |       6 |   0.0 |    51
               +---------+---------+-------+---------+---------+-------+---------

Vault maps used:
D:1:      dpeg_arrival_shrine
D:2:      lemuel_doored_altar, grunt_qazlal_sundering, vehumet_crystals,
          overflow_temple_1_default
D:3:      lemuel_coloured_pillars_altar, first_ration,
          cheibrodos_sewer_entry_sluice, uniq_grinder, uniq_purgy
